 Dungeon Crawl Stone Soup version 0.27.1 (webtiles) character file.

Game seed: 13013709406874705549

137 Atelerd the Digger (level 5, -4/30 (31) HPs)
             Began as an Octopode Earth Elementalist on Sept 1, 2021.
             Slain by Edmund (22 damage)
             ... on level 4 of the Dungeon.
             The game lasted 00:02:38 (3815 turns).

Atelerd the Digger (Octopode Earth Elementalist)    Turns: 3815, Time: 00:02:39

HP:   -4/30 (31)    AC:  1    Str:  7    XL:     5   Next: 20%
MP:   8/9           EV: 13    Int: 24    God:
Gold: 181           SH:  0    Dex: 19    Spells: 5/10 levels left

rFire    . . .     SeeInvis .   a - +0 short sword
rCold    . . .     Faith    .   (no shield)
rNeg     . . .     Spirit   .   (helmet restricted)
rPois    .         Reflect  .   k - amulet of the acrobat
rElec    .         Harm     .   d - +6 ring of dexterity
rCorr    .         Rampage  .   l - +6 ring of intelligence
Will     .....                  (no ring)
Stlth    +++.......             (no ring)
HPRegen  0.10/turn              (no ring)
MPRegen  0.11/turn              (no ring)
                                (no ring)
                                (no ring)

@: lightly drained
A: almost no armour, amphibious, 8 rings, camouflage 1, gelatinous body 1,
(nimble swimmer 1), tentacles
a: no special abilities


You were on level 4 of the Dungeon.
You visited 1 branch of the dungeon, and saw 4 of its levels.

You collected 181 gold pieces.

Inventory:

Hand Weapons
 a - a +0 short sword (weapon)
Missiles
 b - 111 stones
Jewellery
 c - an amulet of faith
 d - a +6 ring of dexterity (left tentacle)
 k - an amulet of the acrobat (around mantle)
 l - a +6 ring of intelligence (right tentacle)
Wands
 i - a wand of digging (4)
Scrolls
 h - a scroll of identify
 j - a scroll of fear
Potions
 e - a potion of ambrosia
 f - 3 potions of flight {unknown}
 g - a potion of might {unknown}


   Skills:
 - Level 2.0 Dodging
 - Level 2.6 Stealth
 + Level 3.2 Spellcasting
 + Level 2.8 Transmutations
 + Level 4.1 Earth Magic


You had 5 spell levels left.
You knew the following spells:

 Your Spells              Type           Power      Damage    Failure   Level
a - Sandblast             Erth           46%        2d11      1%          1
p - Petrify               Tmut/Erth      20%        N/A       26%         4

Your spell library contained the following spells:

 Spells                   Type           Power      Damage    Failure   Level
 Passwall                 Tmut/Erth      16%        N/A       3%          2
 Sting                    Tmut/Pois      40%        1d5       6%          1
 Stone Arrow              Conj/Erth      26%        3d8       14%         3
 Poisonous Vapours        Pois/Air       6%         N/A       16%         2
 Olgreb's Toxic Radiance  Pois           3%         N/A       71%         4


Dungeon Overview and Level Annotations

Branches:
Dungeon (4/15)
 Temple: D:4-7

Altars:

Annotations:
D:4 Edmund


Innate Abilities, Weirdness & Mutations

You cannot wear most types of armour.
You are amphibious.
You can wear up to eight rings at the same time.
Your skin changes colour to match your surroundings (Stealth+).
Your rubbery body absorbs attacks. (AC +1, EV +1)
((You are camouflaged near water. (Stealth+)))
You have tentacles for arms and can constrict up to eight enemies at once.


Message History

(D) Dungeon
Where to? (Enter - D:3 @ (x,y), ? - help)
What level of the Dungeon? (default 1, ? - help)
There is a stone staircase leading down here.
You climb downwards.
There is a stone staircase leading up here.
Edmund the Younger comes into view.
He is wielding a +6 dire flail of draining.
Edmund shouts!
A howler monkey comes into view.
There are monsters nearby!
There are monsters nearby!
There are monsters nearby!
Edmund completely misses you.
Casting: Sandblast (safe; 1% risk of failure)
Confirm with . or Enter, or press ? or * to list all spells.
Aiming: Sandblast (safe; 1% risk of failure)
Press: ? - help, Shift-Dir - straight line, f - Edmund
Aim: Edmund, wielding a +6 dire flail of draining and wearing a +0 leather armour (81% to hit)
The blast of sand hits Edmund!
Edmund is moderately wounded.
The howler monkey howls!
The howler monkey hoots and howls with incredible vigour!
Edmund completely misses you.
Casting: Sandblast (safe; 1% risk of failure)
Confirm with . or Enter, or press ? or * to list all spells.
Aiming: Sandblast (safe; 1% risk of failure)
Press: ? - help, Shift-Dir - straight line, f/p - Edmund
Aim: Edmund, wielding a +6 dire flail of draining and wearing a +0 leather armour (moderately wounded, 81% to hit)
The blast of sand hits Edmund.
Edmund is moderately wounded.
Edmund hits you with a +6 dire flail of draining!
You feel drained.
Found 14 gold pieces.
The howler monkey hoots and howls with incredible vigour!
You hear a shout!
The howler monkey hoots and howls with incredible vigour!
There is a stone staircase leading up here.
Edmund hits you with a +6 dire flail of draining!!
Ouch! That really hurt!
You die...

...#...............
...................
#.... #.....#
##...# ##...##
#.....####...#
........##..######
#...............
#.....h##.....##
##..@@.###..###
#....## ..# #.....#
#.# #.###..# .# #.#
##.# .. ## #.. #.
###


You could see Edmund and a howler monkey (catching breath).

Vanquished Creatures
  3 gnolls (D:3)
  5 adders
  A worm (D:2)
  3 orcs (D:3)
  5 endoplasms
  2 giant cockroaches (D:1)
  7 goblins
  6 hobgoblins
  3 quokkas
  6 ball pythons
  3 bats (D:1)
  2 frilled lizards
  5 kobolds
  4 rats
55 creatures vanquished.

Notes
Turn   | Place    | Note
-------+----------+-------------------------------------------
     0 | D:1      | Atelerd the Octopode Earth Elementalist began the quest for
                  | the Orb.
     0 | D:1      | Reached XP level 1. HP: 11/11 MP: 3/3
   258 | D:1      | Reached XP level 2. HP: 4/17 MP: 1/5
  1203 | D:1      | Reached XP level 3. HP: 20/21 MP: 6/6
  1260 | D:1      | Found a faded altar of an unknown god.
  2105 | D:2      | Reached XP level 4. HP: 24/27 MP: 8/8
  2288 | D:2      | Learned a level 4 spell: Petrify
  2435 | D:2      | You fall into a shaft and drop 1 floor!
  3250 | D:3      | Reached skill level 4 in Earth Magic
  3252 | D:3      | Reached XP level 5. HP: 31/31 MP: 4/9
  3802 | D:4      | Noticed Edmund
  3815 | D:4      | Slain by Edmund

Illustrated notes

Levels and vault maps discovered:
D:1:      lemuel_arrival_hallway, layout_basic,
          dilly_ecumenical_altar_fadedgnrine
D:2:      layout_loops_ring, minmay_quadrilaterals
D:3:      layout_basic
D:4:      cheibrodos_fertilizer, layout_layer_cave, kennysheep_generic_room_13,
          uniq_edmund

Skill      XL: |  1  2  3  4 |
---------------+-------------+-----
Transmutations | 2 |  2.8
Spellcasting   | 3 |  3.2
Earth Magic    | 4 |  4.1
Dodging        | |  2.0
Stealth        | |  2.6

Action                   |  1- 3 |  4- 6 || total
-------------------------+-------+-------++-------
Melee: Unarmed           |    22 |       ||    22
       Constrict         |    24 |     8 ||    32
       Tentacles         |    14 |     6 ||    20
       Short sword       |    65 |    33 ||    98
 Cast: Sandblast         |     4 |    18 ||    22
  Use: Scroll            |       |     2 ||     2
 Stab: Sleeping          |    11 |     5 ||    16
Armor: Skin              |    16 |     2 ||    18
Dodge: Dodged            |    59 |    30 ||    89
